Map: Tokamak LE

Players

Zoun - Winner!

  • Race: Protoss Protoss
  • League: Master
  • Spawn Location: 1:00

Highdra

  • Race: Protoss Protoss
  • League: Master
  • Spawn Location: 7:00

Event: HomeStory Cup XXVII

VOD

Have the link to the VOD?

Description

Time

  • Played on: June 28, 2025, 6:25 a.m.
  • Length: 8:59

All games in this series

Show
View Real Time Build Order
Export as new Build Order

Zoun Protoss - Winner!

Build Orders: Phoenix Opening, Blink Stalkers, Zealot Archon 

Get SALT Encoding   

  12  0:00  Probe  
  13  0:12  Probe  
  14  0:17  Pylon  
  14  0:23  Probe  
  15  0:31  Probe  
  16  0:36  Gateway  
  16  0:39  Probe  
  16  0:46  Assimilator  
  17  0:51  Probe  
  17  0:54  Assimilator  
  18  0:59  Probe  
  19  1:07  Gateway, Probe  
  20  1:17  Probe  
  20  1:24  Cybernetics Core  
  21  1:29  Probe  
  22  1:36  Pylon  
  22  1:41  Probe  
  23  1:54  Probe  
  24  1:59  Stalker  
  24  2:02  Sentry  
  24  2:03  Warp Gate  
  24  2:06  Pylon  
  24  2:08  Probe  
  29  2:33  Phoenix  
  29  2:34  Nexus  
  28  2:39  Sentry  
  28  2:40  Sentry  
  33  2:44  Probe  
  33  2:50  Shield Battery  
  33  2:56  Probe  
  34  3:03  Twilight Council  
  34  3:08  Probe  
  34  3:12  Pylon  
  35  3:18  Probe  
  35  3:19  Phoenix, Blink  
  35  3:26  Probe  
  37  3:34  Probe  
  38  3:42  Probe  
  38  3:46  Probe  
  40  3:51  Probe, Stalker  
  43  3:57  Stalker  
  43  3:59  Probe  
  43  4:01  Probe  
  46  4:08  Robotics Facility  
  47  4:11  Probe  
  47  4:12  Phoenix  
  47  4:13  Probe  
  49  4:23  Probe  
  50  4:25  Stalker x2  
  50  4:26  Probe  
  55  4:35  Gateway, Probe  
  55  4:37  Gateway  
  56  4:40  Probe  
  56  4:42  Assimilator  
  56  4:43  Pylon  
  57  4:51  Probe  
  58  4:53  Stalker x2  
  62  5:01  Observer, Probe  
  64  5:07  Pylon  
  64  5:09  Forge  
  64  5:21  Observer  
  65  5:22  Nexus  
  65  5:25  Pylon  
  65  5:28  Probe  
  65  5:31  Stalker x2  
  65  5:34  Protoss Ground Weapons Level 1  
  70  5:37  Stalker  
  70  5:39  Stalker  
  74  5:49  Photon Cannon  
  74  5:51  Photon Cannon  
  74  5:53  Probe  
  75  5:59  Probe  
  76  6:04  Stalker x2  
  76  6:05  Probe  
  76  6:08  Charge  
  81  6:11  Probe  
  81  6:14  Pylon  
  81  6:17  Probe  
  83  6:21  Gateway  
  83  6:23  Probe  
  84  6:27  Probe  
  84  6:29  Gateway  
  84  6:31  Gateway, Probe x2  
  85  6:36  Probe  
  85  6:39  Probe  
  88  6:43  Templar Archives  
  88  6:44  Probe  
  88  6:54  Probe  
  88  6:58  Probe  
  84  7:02  Warp Prism  
  84  7:04  Probe  
  84  7:06  Probe  
  82  7:10  Probe  
  82  7:11  Gateway x2  
  85  7:16  Probe  
  85  7:17  Pylon  
  85  7:18  Probe, Photon Cannon  
  85  7:20  High Templar x2  
  91  7:30  Assimilator  
  91  7:31  Archon  
  91  7:32  Zealot x5  
  91  7:35  Pylon x2  
  101  7:58  Zealot x6  
  111  8:00  Nexus  
  111  8:01  Zealot  
  111  8:04  Pylon  
  115  8:09  Zealot  
  115  8:19  Zealot x6  
  109  8:23  Zealot  
  107  8:33  Probe  
  107  8:34  Probe x2  
  108  8:36  Shield Battery  
  108  8:38  Photon Cannon  
  108  8:40  High Templar  
  108  8:41  High Templar x3  
  116  8:43  Shield Battery  
  116  8:44  Archon  
  116  8:45  Archon  
  116  8:48  Stalker x4  
Show
View Real Time Build Order
Export as new Build Order

Highdra Protoss 

Build Orders:  

Get SALT Encoding   

  12  0:00  Probe  
  13  0:12  Probe  
  14  0:17  Pylon  
  14  0:24  Probe  
  15  0:32  Probe  
  15  0:36  Gateway  
  15  0:40  Probe  
  16  0:45  Assimilator  
  17  0:51  Probe  
  17  0:54  Assimilator  
  18  0:59  Probe  
  19  1:07  Gateway, Probe  
  19  1:17  Probe  
  20  1:24  Cybernetics Core  
  21  1:29  Probe  
  22  1:36  Pylon  
  22  1:41  Probe  
  23  1:54  Probe  
  23  1:58  Stalker  
  23  2:00  Shield Battery  
  26  2:02  Sentry  
  26  2:08  Warp Gate  
  28  2:09  Probe  
  29  2:22  Pylon  
  29  2:27  Stalker  
  31  2:37  Stalker  
  33  2:53  Nexus  
  33  2:59  Probe  
  33  3:03  Shield Battery  
  34  3:11  Probe  
  35  3:16  Robotics Facility  
  35  3:23  Probe  
  36  3:28  Twilight Council  
  36  3:36  Probe  
  36  3:38  Pylon  
  37  3:44  Pylon  
  37  3:48  Probe  
  38  3:59  Probe  
  39  4:04  Probe  
  39  4:05  Warp Prism  
  39  4:07  Probe  
  42  4:13  Probe  
  44  4:20  Probe  
  44  4:21  Dark Shrine  
  44  4:23  Probe  
  46  4:33  Probe  
  46  4:35  Probe  
  48  4:41  Immortal  
  52  4:46  Probe  
  52  4:47  Probe  
  54  4:58  Probe  
  54  4:59  Probe  
  56  5:04  Pylon  
  56  5:08  Nexus  
  56  5:10  Probe  
  56  5:13  Immortal  
  57  5:16  Probe  
  57  5:19  Assimilator  
  58  5:23  Probe  
  63  5:35  Dark Templar x2  
  63  5:38  Probe x2  
  63  5:41  Shield Battery  
  67  5:45  Resonating Glaives  
  67  5:46  Probe x2  
  67  5:54  Observer  
  67  5:55  Probe x2  
  67  5:56  Pylon  
  71  6:07  Probe x2  
  71  6:08  Gateway  
  71  6:09  Immortal, Gateway  
  71  6:12  Gateway  
  71  6:19  Probe  
  71  6:21  Probe  
  71  6:22  Probe  
  76  6:28  Gateway  
  76  6:31  Probe  
  77  6:33  Probe  
  77  6:35  Gateway  
  77  6:38  Gateway  
  77  6:39  Warp Prism  
  78  6:45  Sentry x2  
  82  6:49  Pylon  
  74  7:05  Immortal, Stalker x2  
  72  7:13  Adept x3  
  82  7:27  Adept  
  84  7:31  Adept x3  
  90  7:37  Pylon  
  90  7:40  Adept x2  
  90  7:41  Adept x2  
  98  7:44  Pylon x2  
  98  7:45  Pylon  
  98  7:49  Immortal  
  101  7:58  Adept x4  
  101  8:01  Adept x2  
  101  8:02  Adept  
  107  8:06  Probe x2  
  92  8:25  Adept  
  92  8:26  Adept x6  
  96  8:35  Adept  
  98  8:45  Pylon  
Tags
 
Add a new tag
Caveats
  • Supply blocks, unpowered buildings, or Contaminate may cause inaccurate times.
  • Supply counts are checked every 10 seconds.